Workbook

Sheet Monthly Financial Tracker
A1: Fin4Kidz
A2: Empowering young minds for a financially bright future
A3: To use the template, edit and input yellow highlighted cells
A6: MONTHLY FINANCIAL TRACKER | Q6: MONTHLY BUDGET
B8: Total Income | G8: Total Expenses ACTUAL | L8: Net Cash Flow | Q8: Total Expenses BUDGET
B9: =D39 -> 0 | G9: =+J39 -> 0 | L9: =+B9-G9 -> 0 | Q9: =+T39 -> 0
B12: Date | C12: Source | D12: Income Amount | G12: Date | H12: Description | I12: Category | J12: Expense Amount | Q12: Date | R12: Description | S12: Category | T12: Total Amount
D13: 0 | J13: 0 | T13: 0
D14: 0 | J14: 0 | T14: 0
D15: 0 | J15: 0 | T15: 0
D16: 0 | J16: 0 | T16: 0
D17: 0 | J17: 0 | T17: 0
D18: 0 | J18: 0 | T18: 0
D19: 0 | J19: 0 | T19: 0
D20: 0 | J20: 0 | T20: 0
D21: 0 | J21: 0 | T21: 0
D22: 0 | J22: 0 | T22: 0
D23: 0 | J23: 0 | T23: 0
D24: 0 | J24: 0 | T24: 0
... D38: 0 | J38: 0 | T38: 0
D39: =SUM(D13:D38) -> 0 | J39: =SUM(J13:J38) -> 0 | T39: =SUM(T13:T38) -> 0

Sheet Budget to Actual Tracker
A1: ='Monthly Financial Tracker'!A1 -> Fin4Kidz
A2: Empowering young minds for a financially bright future
A3: To use the template, edit and input yellow highlighted cells
B5: MONTHLY BUDGET
B7: Total Income | F7: Total Expenses
B8: Budget | C8: Actual | D8: Over/ (Under) | F8: Budget | G8: Actual | H8: Over Budget/ (Under Budget)
B9: =+C14 -> 0 | C9: ='Monthly Financial Tracker'!B9 -> 0 | D9: =+C9-B9 -> 0 | F9: =+C28 -> 0 | G9: =+D28 -> 0 | H9: =F9-G9 -> 0
B11: Income Source | C11: Budget
C12: 0
C13: 0
C14: =SUM(C12:C13) -> 0
B17: Expense Category | C17: Budget | D17: Actual | E17: Difference
B18: Debt | C18: =SUMIF('Monthly Financial Tracker'!$S$13:$T$38,'Budget to Actual Tracker'!B18,'Monthly Financial Tracker'!$T$13:$T$38) -> 0 | D18: =SUMIF('Monthly Financial Tracker'!$I$13:$J$38,'Budget to Actual Tracker'!B18,'Monthly Financial Tracker'!$J$13:$J$38) -> 0 | E18: =C18-D18 -> 0
B19: Entertainment | C19: =SUMIF('Monthly Financial Tracker'!$S$13:$T$38,'Budget to Actual Tracker'!B19,'Monthly Financial Tracker'!$T$13:$T$38) -> 0 | D19: =SUMIF('Monthly Financial Tracker'!$I$13:$J$38,'Budget to Actual Tracker'!B19,'Monthly Financial Tracker'!$J$13:$J$38) -> 0 | E19: =C19-D19 -> 0
B20: Food | C20: =SUMIF('Monthly Financial Tracker'!$S$13:$T$38,'Budget to Actual Tracker'!B20,'Monthly Financial Tracker'!$T$13:$T$38) -> 0 | D20: =SUMIF('Monthly Financial Tracker'!$I$13:$J$38,'Budget to Actual Tracker'!B20,'Monthly Financial Tracker'!$J$13:$J$38) -> 0 | E20: =C20-D20 -> 0
B21: Health | C21: =SUMIF('Monthly Financial Tracker'!$S$13:$T$38,'Budget to Actual Tracker'!B21,'Monthly Financial Tracker'!$T$13:$T$38) -> 0 | D21: =SUMIF('Monthly Financial Tracker'!$I$13:$J$38,'Budget to Actual Tracker'!B21,'Monthly Financial Tracker'!$J$13:$J$38) -> 0 | E21: =C21-D21 -> 0
B22: Housing | C22: =SUMIF('Monthly Financial Tracker'!$S$13:$T$38,'Budget to Actual Tracker'!B22,'Monthly Financial Tracker'!$T$13:$T$38) -> 0 | D22: =SUMIF('Monthly Financial Tracker'!$I$13:$J$38,'Budget to Actual Tracker'!B22,'Monthly Financial Tracker'!$J$13:$J$38) -> 0 | E22: =C22-D22 -> 0
B23: Insurance | C23: =SUMIF('Monthly Financial Tracker'!$S$13:$T$38,'Budget to Actual Tracker'!B23,'Monthly Financial Tracker'!$T$13:$T$38) -> 0 | D23: =SUMIF('Monthly Financial Tracker'!$I$13:$J$38,'Budget to Actual Tracker'!B23,'Monthly Financial Tracker'!$J$13:$J$38) -> 0 | E23: =C23-D23 -> 0
B24: Other | C24: =SUMIF('Monthly Financial Tracker'!$S$13:$T$38,'Budget to Actual Tracker'!B24,'Monthly Financial Tracker'!$T$13:$T$38) -> 0 | D24: =SUMIF('Monthly Financial Tracker'!$I$13:$J$38,'Budget to Actual Tracker'!B24,'Monthly Financial Tracker'!$J$13:$J$38) -> 0 | E24: =C24-D24 -> 0
B25: Savings | C25: =SUMIF('Monthly Financial Tracker'!$S$13:$T$38,'Budget to Actual Tracker'!B25,'Monthly Financial Tracker'!$T$13:$T$38) -> 0 | D25: =SUMIF('Monthly Financial Tracker'!$I$13:$J$38,'Budget to Actual Tracker'!B25,'Monthly Financial Tracker'!$J$13:$J$38) -> 0 | E25: =C25-D25 -> 0
B26: Transportation | C26: =SUMIF('Monthly Financial Tracker'!$S$13:$T$38,'Budget to Actual Tracker'!B26,'Monthly Financial Tracker'!$T$13:$T$38) -> 0 | D26: =SUMIF('Monthly Financial Tracker'!$I$13:$J$38,'Budget to Actual Tracker'!B26,'Monthly Financial Tracker'!$J$13:$J$38) -> 0 | E26: =C26-D26 -> 0
B27: Utilities | C27: =SUMIF('Monthly Financial Tracker'!$S$13:$T$38,'Budget to Actual Tracker'!B27,'Monthly Financial Tracker'!$T$13:$T$38) -> 0 | D27: =SUMIF('Monthly Financial Tracker'!$I$13:$J$38,'Budget to Actual Tracker'!B27,'Monthly Financial Tracker'!$J$13:$J$38) -> 0 | E27: =C27-D27 -> 0
B28: TOTAL BY CATEGORY | C28: =SUM(C18:C27) -> 0 | D28: =SUM(D18:D27) -> 0 | E28: =SUM(E18:E27) -> 0

Sheet Sheet2
C4: Category
C5: Debt
C6: Entertainment
C7: Food
C8: Health
C9: Housing
C10: Insurance
C11: Other
C12: Savings
C13: Transportation
C14: Utilities
